 Dungeon Crawl Stone Soup version 0.32-a0-18-g89e19f1974 (webtiles) character file.

Game seed: 15924766598519356898

468 Malachi the Fighter (level 7, -1/63 HPs)
             Began as a Gnoll Wanderer on Jan 16, 2024.
             Was a Believer of Uskayaw.
             Slain by an ogre
             ... wielding a +0 giant spiked club
              (16 damage)
             ... on level 5 of the Dungeon.
             The game lasted 00:05:28 (4970 turns).

Malachi the Fighter (Gnoll Wanderer)                Turns: 4970, Time: 00:05:29

Health: -1/63      AC: 15    Str: 18    XL:     7   Next: 8%
Magic:  12/12      EV: 12    Int:  9    God:    Uskayaw [**....]
Gold:   224        SH:  5    Dex: 15    Spells: 12/13 levels left

rFire   . . .        e - +5 dagger
rCold   + . .        t - +0 buckler
rNeg    . . .        m - +2 ring mail {rC+}
rPois   .            (no helmet)
rElec   .            k - +0 cloak
rCorr   .            s - +0 pair of gloves
SInv    .            (no boots)
Will    .....        (no amulet)
Stlth   +            i - +4 ring of protection
HPRegen 0.30/turn    q - +6 ring of dexterity
MPRegen 0.13/turn

%: no passive effects
@: no status effects
A: fangs 1, strong nose, distributed training
a: Renounce Religion, Stomp, Line Pass


You were on level 5 of the Dungeon.
You worshipped Uskayaw.
Uskayaw was noncommittal.
You visited 1 branch of the dungeon, and saw 5 of its levels.
You also visited: Sewer.

You collected 224 gold pieces.

Inventory:

Hand Weapons
 a - a +0 club
 e - a +5 dagger (weapon)
Missiles
 d - 7 poisoned darts
 j - 6 boomerangs (quivered)
Armour
 k - a +0 cloak (worn)
 m - a +2 ring mail of cold resistance (worn)
 s - a +0 pair of gloves (worn)
 t - a +0 buckler (worn)
Jewellery
 i - a +4 ring of protection (left hand)
 q - a +6 ring of dexterity (right hand)
 u - a ring of wizardry
Talismans
 g - a serpent talisman
Scrolls
 b - a scroll of fog
 c - 5 scrolls of teleportation
 h - 3 scrolls of immolation
 p - a scroll of poison
Potions
 f - a potion of heal wounds
 l - a potion of haste
 o - 2 potions of curing {unknown}
 r - a potion of ambrosia {unknown}


   Skills:
 + Level 8.9 Fighting
 + Level 2.3 Short Blades
 + Level 2.3 Long Blades
 + Level 2.3 Axes
 + Level 2.3 Maces & Flails
 + Level 2.3 Polearms
 + Level 2.3 Staves
 + Level 2.3 Ranged Weapons
 + Level 2.3 Throwing
 + Level 7.0 Armour
 + Level 3.5 Dodging
 + Level 2.3 Stealth
 + Level 2.3 Shields
 + Level 2.3 Unarmed Combat
 + Level 3.7 Spellcasting
 + Level 1.9 Conjurations
 + Level 1.9 Hexes
 + Level 2.9 Summonings
 + Level 1.9 Necromancy
 + Level 1.9 Translocations
 + Level 1.9 Fire Magic
 + Level 1.9 Ice Magic
 + Level 1.9 Air Magic
 + Level 1.9 Earth Magic
 + Level 1.9 Alchemy
 + Level 2.6 Invocations
 + Level 2.3 Evocations
 + Level 2.1 Shapeshifting


You had 12 spell levels left.
You knew the following spells:

 Your Spells              Type           Power      Damage    Failure   Level
a - Summon Small Mammal   Summ           24%        N/A       19%         1

Your spell library contained the following spells:

 Spells                   Type           Power      Damage    Failure   Level
 Call Canine Familiar     Summ           6%         N/A       47%         3
 Summon Ice Beast         Ice/Summ       6%         N/A       54%         3
 Summon Blazeheart Golem  Fire/Summ      6%         N/A       91%         4


Dungeon Overview and Level Annotations

Branches:
Dungeon (5/15)              Sewer (visited)
 Temple: D:4-7

Altars:
Nemelex Xobeh
Uskayaw
Xom


Innate Abilities, Weirdness & Mutations

You have very sharp teeth.
Your uncanny sense of smell can sniff out nearby items.
Your experience applies equally to all skills.


Message History

You hit the ogre.
The ogre is lightly wounded.
You block the ogre's attack.
You hit the ogre.
The ogre is moderately wounded.
You hit the ogre. You bite the ogre.
The ogre is moderately wounded.
The ogre hits you with a +0 giant spiked club!!
You hit the ogre.
The ogre is heavily wounded.
The ogre hits you with a +0 giant spiked club!
You can now pass through a line of other dancers.
You hit the ogre but do no damage.
The ogre is heavily wounded.
You hit the ogre but do no damage.
The ogre is heavily wounded.
The ogre completely misses you.
You hit the ogre but do no damage.
The ogre is heavily wounded.
The ogre closely misses you.
You hit the ogre.
The ogre is severely wounded.
You hit the ogre.
The ogre is almost dead.
The ogre hits you with a +0 giant spiked club!!
* * * LOW HITPOINT WARNING * * *
You hit the ogre.
The ogre is almost dead.
The ogre completely misses you.
You barely miss the ogre.
The ogre is almost dead.
You hit the ogre but do no damage.
The ogre is almost dead.
The ogre completely misses you.
You hit the ogre but do no damage.
The ogre is almost dead.
You closely miss the ogre.
The ogre is almost dead.
The ogre hits you with a +0 giant spiked club!
You die...

####......# .... .#
#....$.####.###.#
#...........#...
#......#|...#.# ##
#.............# .∆
#.........(#..#.#
######........#.#
#....#O....# #
.......#@#.###.#
##..#.####.#...#
.............##
)...#.##......#
#...#.#....####
###.#......#
..#.#.##.#.#
######.#.#...†..###
#†...#.#...#..#...#


You could see an ogre.

Vanquished Creatures
  Pargi (Sewer)
  A brain worm (Sewer)
  A scorpion (D:4)
  An orc priest (D:4)
  3 iguanas
  4 adders
  2 river rats (D:3)
  A dart slug (D:2)
  A ribbon worm (D:2)
  8 orcs
  5 endoplasms
  3 giant cockroaches
  8 goblins
  7 hobgoblins
  3 jackals (D:5)
  3 quokkas
  8 ball pythons
  12 bats
  2 frilled lizards
  9 kobolds
  12 rats
95 creatures vanquished.

Notes
Turn   | Place    | Note
-------+----------+-------------------------------------------
     0 | D:1      | Malachi the Gnoll Wanderer began the quest for the Orb.
     0 | D:1      | Malachi set off with the following items: a +0 club, a
                  | scroll of fog, a scroll of teleportation, a +0 chain mail;
                  | and the following spell memorised: Summon Small Mammal; and
                  | the following spells available to memorise: Summon Ice
                  | Beast.
     0 | D:1      | Reached XP level 1. HP: 26/26 MP: 4/4
   343 | D:1      | Reached XP level 2. HP: 33/33 MP: 5/5
   425 | D:1      | Found a faded altar of an unknown god.
   956 | D:2      | Reached XP level 3. HP: 37/38 MP: 7/7
   957 | D:2      | Reached skill level 1 in Invocations
  1231 | D:2      | Reached skill level 1 in Short Blades
  1231 | D:2      | Reached skill level 1 in Long Blades
  1231 | D:2      | Reached skill level 1 in Axes
  1231 | D:2      | Reached skill level 1 in Maces & Flails
  1231 | D:2      | Reached skill level 1 in Polearms
  1231 | D:2      | Reached skill level 1 in Staves
  1231 | D:2      | Reached skill level 1 in Ranged Weapons
  1231 | D:2      | Reached skill level 1 in Throwing
  1231 | D:2      | Reached skill level 1 in Stealth
  1231 | D:2      | Reached skill level 1 in Shields
  1231 | D:2      | Reached skill level 1 in Unarmed Combat
  1231 | D:2      | Reached skill level 1 in Evocations
  1437 | D:2      | Reached skill level 1 in Shapeshifting
  1437 | D:2      | Reached XP level 4. HP: 43/45 MP: 8/8
  1576 | D:2      | Found a shimmering altar of Xom.
  2254 | D:3      | Reached skill level 1 in Conjurations
  2254 | D:3      | Reached skill level 1 in Hexes
  2254 | D:3      | Reached skill level 1 in Necromancy
  2254 | D:3      | Reached skill level 1 in Translocations
  2254 | D:3      | Reached skill level 1 in Fire Magic
  2254 | D:3      | Reached skill level 1 in Ice Magic
  2254 | D:3      | Reached skill level 1 in Air Magic
  2254 | D:3      | Reached skill level 1 in Earth Magic
  2254 | D:3      | Reached skill level 1 in Alchemy
  2392 | D:3      | Found a glowing drain.
  2434 | Sewer    | Entered a sewer
  2504 | Sewer    | Noticed a brain worm
  2522 | Sewer    | Killed a brain worm
  2523 | Sewer    | Reached XP level 5. HP: 18/51 MP: 5/9
  2645 | Sewer    | Noticed Pargi
  2672 | Sewer    | Killed Pargi
  2673 | Sewer    | Reached XP level 6. HP: 43/57 MP: 9/11
  4225 | D:4      | Found a sparkling altar of Nemelex Xobeh.
  4369 | D:1      | Prayed at the altar of an unknown god.
  4369 | D:1      | Became a worshipper of Uskayaw the Reveller
  4369 | D:1      | Reached * piety under Uskayaw
  4443 | D:5      | Entered Level 5 of the Dungeon
  4452 | D:5      | Reached ** piety under Uskayaw
  4458 | D:5      | Reached XP level 7. HP: 53/63 MP: 12/12
  4593 | D:4      | Reached *** piety under Uskayaw
  4970 | D:5      | Slain by an ogre

Illustrated notes

Levels and vault maps discovered:
D:1:      beargit_arrival_diablo_church, layout_basic,
          shapermc_ecumenical_altar_mp_vishouse, grunt_decor_mini_mirrors,
          skrybe_limestone_x, hex_tiny, minmay_rat_gold_closets
D:2:      layout_basic, basic_altar, chequers_serial_rivers_micro_a,
          minmay_misc_feat_encased
D:3:      layout_basic, portal_sewer_entry_b
D:4:      layout_loops_cross, nemelex_dance_club_becter
D:5:      gammafunk_wand_slinger, layout_basic,
          mainiacjoe_overflow_six_doors_small, serial_bayou_pond_a

Skill      XL: |  1  2  3  4  5  6 |
---------------+-------------------+-----
Summonings     | 2 |  2.9
Invocations    | 1 2 |  2.6
Short Blades   | 1 2 |  2.3
Long Blades    | 1 2 |  2.3
Axes           | 1 2 |  2.3
Maces & Flails | 1 2 |  2.3
Polearms       | 1 2 |  2.3
Staves         | 1 2 |  2.3
Ranged Weapons | 1 2 |  2.3
Throwing       | 1 2 |  2.3
Stealth        | 1 2 |  2.3
Shields        | 1 2 |  2.3
Unarmed Combat | 1 2 |  2.3
Evocations     | 1 2 |  2.3
Shapeshifting  | 1 2 |  2.1
Spellcasting   | 3 |  3.7
Conjurations   | 1 |  1.9
Hexes          | 1 |  1.9
Necromancy     | 1 |  1.9
Translocations | 1 |  1.9
Fire Magic     | 1 |  1.9
Ice Magic      | 1 |  1.9
Air Magic      | 1 |  1.9
Earth Magic    | 1 |  1.9
Alchemy        | 1 |  1.9
Dodging        | 3 |  3.5
Armour         | 7 |  7.0
Fighting       | |  8.9

Action                     |  1- 3 |  4- 6 |  7- 9 || total
---------------------------+-------+-------+-------++-------
  Melee: Dagger            |   115 |   217 |    39 ||   371
         Club              |     8 |       |       ||     8
         Bite              |    11 |    32 |     5 ||    48
         Punch             |     1 |     1 |       ||     2
    Use: Scroll            |       |     3 |     1 ||     4
         Potion            |       |     2 |       ||     2
   Stab: Distracted        |       |       |     1 ||     1
 Armour: Chain mail        |    95 |   165 |       ||   260
         Ring mail         |       |    32 |    19 ||    51
  Dodge: Dodged            |    45 |   125 |    15 ||   185
  Block: Buckler           |       |     5 |     5 ||    10

Table legend: (Time is in decaauts)
 A = Elapsed time spent in this place.
 B = Non-inter-level travel time spent in this place.
 C = Inter-level travel time spent in this place.
 D = Time resting spent in this place.
 E = Time spent auto-exploring this place.
 F = Levels seen in this place.
 G = Mean time per level.
                   A        B        C        D        E       F      G
               +--------+--------+--------+--------+--------+-----+--------+
         Total |   4953 |   4671 |    282 |    569 |   3247 |   6 |  825.5 |
       Dungeon |   4624 |   4342 |    282 |    456 |   3205 |   5 |  924.8 |
         Sewer |    329 |    329 |      0 |    113 |     42 |   1 |  329.0 |
               +--------+--------+--------+--------+--------+-----+--------+

Top non-repeatable levels by time:
     D:3: 1333 daAuts
     D:4: 1234 daAuts
     D:2: 976 daAuts
     D:1: 927 daAuts
   Sewer: 329 daAuts
     D:5: 152 daAuts
